Map: Babylon LE

Players

Cheater 1 (Vision)

  • Race: Terran Terran
  • Spawn Location: 5:00

Probe - Winner!

  • Race: Protoss Protoss
  • Spawn Location: 11:00

VOD

Have the link to the VOD?

Description

Time

  • Played on: Aug. 25, 2023, 3:26 a.m.
  • Length: 11:22
Show
View Real Time Build Order
Export as new Build Order

Cheater 1 (Vision) Terran 

Build Orders: 2 Factory, Command Center First, Mech 

Get SALT Encoding   

  12  0:00  SCV  
  13  0:13  SCV  
  14  0:18  Supply Depot  
  14  0:25  SCV  
  15  0:40  SCV  
  16  0:52  SCV  
  17  1:04  Command Center, SCV  
  18  1:17  Barracks  
  18  1:19  SCV  
  19  1:38  Refinery  
  19  1:49  Supply Depot  
  19  1:50  SCV  
  20  2:00  Refinery  
  20  2:04  Orbital Command  
  20  2:05  Marine  
  21  2:16  SCV  
  22  2:22  Marine  
  22  2:28  SCV  
  22  2:29  SCV  
  25  2:40  Marine, Orbital Command  
  25  2:43  Factory  
  26  2:45  SCV  
  27  2:54  Engineering Bay  
  27  2:58  Marine  
  28  3:14  Factory  
  28  3:15  SCV  
  28  3:16  Marine  
  28  3:18  SCV  
  31  3:24  Missile Turret  
  31  3:25  Missile Turret  
  31  3:27  SCV  
  31  3:30  SCV  
  31  3:32  Supply Depot, Factory Tech Lab  
  31  3:34  Marine  
  33  3:39  SCV  
  35  3:42  SCV  
  36  3:51  SCV, Marine  
  36  3:53  Siege Tank  
  36  3:54  SCV  
  42  3:58  Factory Tech Lab  
  42  4:03  SCV  
  42  4:04  Supply Depot  
  42  4:06  SCV  
  44  4:16  SCV  
  48  4:17  Siege Tank  
  48  4:18  SCV  
  48  4:21  Supply Depot, Marine  
  50  4:25  Siege Tank  
  50  4:27  Supply Depot  
  50  4:28  SCV  
  50  4:30  SCV  
  55  4:40  SCV  
  55  4:42  SCV  
  55  4:44  Supply Depot  
  57  4:47  Marine  
  57  4:49  Siege Tank  
  57  4:52  SCV  
  62  4:54  SCV  
  62  4:57  Armory  
  63  5:01  Hellion  
  63  5:02  Supply Depot  
  63  5:04  SCV  
  63  5:06  Refinery  
  63  5:07  SCV  
  67  5:08  Refinery  
  67  5:13  Barracks, Barracks Tech Lab  
  67  5:16  SCV  
  67  5:19  SCV  
  71  5:21  Hellion  
  71  5:22  Hellion  
  73  5:28  SCV  
  73  5:31  SCV, Marauder  
  77  5:37  Supply Depot  
  77  5:40  Command Center, SCV  
  80  5:43  Hellion  
  80  5:45  Terran Vehicle Weapons Level 1  
  80  5:51  SCV  
  80  5:52  SCV  
  80  5:53  Marauder  
  84  6:01  Starport  
  84  6:04  SCV  
  85  6:06  Supply Depot  
  85  6:14  Marauder  
  85  6:16  Armory  
  87  6:24  Engineering Bay, Terran Infantry Weapons Level 1  
  87  6:33  Hellion  
  87  6:35  Hellion, Marauder  
  87  6:39  Supply Depot  
  93  6:40  Viking  
  95  6:49  Terran Infantry Armor Level 1  
  95  6:53  SCV x3  
  98  6:57  Marauder  
  100  7:02  Refinery  
  100  7:04  Terran Vehicle And Ship Armor Level 1, Refinery  
  100  7:05  SCV  
  100  7:06  SCV  
  100  7:07  SCV  
  103  7:10  Viking  
  103  7:13  Factory  
  105  7:17  SCV  
  105  7:18  SCV, Marauder  
  105  7:19  SCV  
  105  7:20  Supply Depot  
  110  7:29  SCV  
  111  7:31  SCV x2  
  113  7:40  Marauder, Viking  
  113  7:41  SCV  
  113  7:43  Supply Depot, SCV  
  113  7:44  SCV  
  120  7:53  SCV  
  120  7:55  SCV  
  120  7:56  SCV, Fusion Core  
  123  8:01  Marauder  
  125  8:06  Stimpack  
  125  8:07  Supply Depot  
  125  8:10  Starport Tech Lab  
  125  8:16  Siege Tank  
  128  8:22  Marauder  
  130  8:28  Viking  
  130  8:30  Siege Tank  
  135  8:36  Infernal Pre-Igniter  
  135  8:37  Supply Depot, Orbital Command  
  135  8:40  Missile Turret  
  135  8:43  Missile Turret  
  135  8:44  Marauder  
  137  8:58  Viking  
  137  9:01  Supply Depot  
  139  9:05  Marauder  
  141  9:14  Marine  
  131  9:21  Siege Tank  
  106  9:24  Hellion x2  
  106  9:26  Marauder  
  106  9:28  Viking  
  102  9:32  Marine  
  103  9:44  Missile Turret  
  103  9:46  Hellion  
  103  9:47  Marine  
  103  9:50  Marine  
  105  9:53  Hellion  
  108  10:01  Factory  
  108  10:06  Marauder  
  85  10:07  Hellion  
  85  10:08  Marine  
  82  10:23  Command Center, SCV  
  82  10:24  SCV  
  82  10:26  Marine  
  78  10:29  Command Center  
  78  10:32  Fusion Core  
  65  10:35  SCV  
  65  10:36  Supply Depot, SCV  
  50  10:43  Marine  
  50  10:48  SCV  
  35  11:11  Command Center  
Show
View Real Time Build Order
Export as new Build Order

Probe Protoss - Winner!

Build Orders: 1 Gate Expand, Carriers, Carrier Rush 

Get SALT Encoding   

  12  0:00  Probe  
  13  0:12  Probe  
  14  0:19  Pylon  
  14  0:24  Probe  
  15  0:37  Probe (Chrono Boost)  
  16  0:44  Gateway  
  16  0:47  Probe (Chrono Boost)  
  16  0:49  Assimilator  
  17  0:52  Probe (Chrono Boost)  
  18  1:04  Probe  
  19  1:16  Probe  
  20  1:24  Nexus  
  20  1:33  Cybernetics Core  
  20  1:36  Probe  
  21  1:41  Assimilator  
  21  1:48  Probe  
  21  1:51  Pylon  
  22  2:00  Probe (Chrono Boost)  
  23  2:07  Adept (Chrono Boost)  
  23  2:10  Warp Gate  
  23  2:13  Probe (Chrono Boost)  
  26  2:19  Probe (Chrono Boost)  
  27  2:24  Stargate  
  27  2:28  Probe (Chrono Boost)  
  28  2:32  Stalker  
  28  2:36  Probe (Chrono Boost)  
  32  2:45  Probe x2 (Chrono Boost), Shield Battery  
  32  2:51  Probe x2  
  35  3:03  Probe x2  
  37  3:11  Void Ray (Chrono Boost)  
  41  3:15  Probe x2, Pylon  
  43  3:25  Assimilator  
  43  3:27  Probe x2  
  43  3:28  Assimilator  
  45  3:38  Stargate  
  45  3:39  Probe (Chrono Boost)  
  47  3:45  Probe (Chrono Boost), Pylon  
  48  3:49  Probe (Chrono Boost)  
  48  3:53  Probe (Chrono Boost)  
  48  3:54  Probe (Chrono Boost)  
  49  3:59  Fleet Beacon  
  50  4:04  Probe  
  50  4:05  Probe  
  50  4:09  Pylon  
  52  4:10  Forge  
  52  4:16  Probe  
  53  4:18  Probe  
  54  4:42  Carrier (Chrono Boost)  
  54  4:45  Photon Cannon  
  66  4:48  Carrier (Chrono Boost)  
  66  4:49  Photon Cannon  
  66  4:51  Pylon  
  66  4:54  Probe x2  
  68  5:03  Pylon  
  70  5:10  Nexus  
  68  5:30  Carrier (Chrono Boost)  
  68  5:35  Shield Battery  
  74  5:40  Photon Cannon  
  80  5:43  Probe x2  
  80  5:45  Carrier (Chrono Boost)  
  82  5:50  Pylon  
  82  5:55  Probe x2  
  82  5:56  Protoss Air Weapons Level 1  
  84  6:00  Pylon  
  84  6:03  Photon Cannon  
  84  6:07  Probe x2  
  86  6:19  Probe x2  
  94  6:27  Probe  
  94  6:31  Probe  
  94  6:32  Carrier (Chrono Boost)  
  96  6:35  Probe  
  96  6:36  Carrier (Chrono Boost)  
  103  6:40  Pylon  
  103  6:41  Probe  
  103  6:44  Assimilator  
  103  6:46  Assimilator  
  104  6:47  Probe x2  
  104  6:51  Pylon  
  104  6:53  Probe  
  107  6:59  Probe  
  108  7:02  Probe, Stargate  
  108  7:05  Probe  
  110  7:11  Probe  
  111  7:20  Photon Cannon  
  111  7:21  Shield Battery  
  111  7:22  Photon Cannon  
  117  7:24  Carrier (Chrono Boost)  
  123  7:32  Carrier (Chrono Boost)  
  123  7:36  Pylon  
  123  7:37  Pylon  
  123  7:41  Probe  
  124  7:48  Pylon  
  130  7:51  Pylon  
  130  7:54  Carrier (Chrono Boost)  
  130  7:59  Protoss Air Weapons Level 2 (Chrono Boost)  
  130  8:01  Nexus  
  130  8:18  Carrier (Chrono Boost)  
  136  8:20  Photon Cannon, Carrier (Chrono Boost)  
  136  8:21  Probe x2, Photon Cannon  
  136  8:22  Probe  
  136  8:24  Shield Battery  
  139  8:34  Probe  
  146  8:42  Photon Cannon  
  146  8:43  Shield Battery  
  146  8:45  Probe, Shield Battery  
  147  8:50  Probe x2  
  155  9:01  Assimilator  
  155  9:03  Assimilator  
  155  9:04  Probe x2  
  155  9:07  Carrier (Chrono Boost)  
  157  9:10  Probe  
  157  9:18  Probe x2  
  157  9:21  Carrier (Chrono Boost)  
  157  9:23  Carrier (Chrono Boost)  
  158  9:31  Pylon  
  164  9:40  Nexus  
  164  9:56  Probe x2  
  172  10:02  Carrier (Chrono Boost)  
  172  10:04  Probe  
  173  10:09  Photon Cannon  
  173  10:10  Photon Cannon  
  173  10:16  Pylon  
  173  10:17  Pylon  
  173  10:34  Probe x2  
  173  10:35  Probe  
  188  10:48  Stargate  
  188  10:49  Stargate  
  189  10:55  Stargate  
Tags
 
Add a new tag
Caveats
  • Supply blocks, unpowered buildings, or Contaminate may cause inaccurate times.
  • Supply counts are checked every 10 seconds.